 Dungeon Crawl Stone Soup version 0.25.1-1-g288607f5aa (webtiles) character file.

Game seed: 6802424306647026220

2681 Jimbable the Spear-Bearer (level 9, -4/71 HPs)
             Began as a Merfolk Gladiator on July 21, 2020.
             Was an Initiate of Okawaru.
             Slain by Prince Ribbit (17 damage)
             ... on level 7 of the Dungeon.
             The game lasted 00:17:53 (8655 turns).

Jimbable the Spear-Bearer (Merfolk Gladiator)       Turns: 8655, Time: 00:17:53

Health: -4/71      AC:  7    Str: 17    XL:     9   Next: 64%
Magic:  9/9        EV: 20    Int: 13    God:    Okawaru [......]
Gold:   306        SH:  0    Dex: 16    Spells: 6/8 levels left

rFire    + . .     SeeInvis .   d - +1 spear (vorpal) (curse)
rCold    . . .     Gourm    .   (no shield)
rNeg     . . .     Faith    .   s - +0 leather armour {rF+}
rPois    .         Spirit   .   c - +0 helmet
rElec    .         Reflect  .   (no cloak)
rCorr    .         Harm     .   x - +2 pair of gloves
MR       .....                  (no boots)
Stlth    ++........             y - amulet of regeneration
HPRegen  0.61/turn              t - +6 ring of intelligence
MPRegen  0.11/turn              D - +4 ring of evasion

@: lightly drained
A: change form in water, swift swim, stealthy swim
a: Renounce Religion


You were on level 7 of the Dungeon.
You worshipped Okawaru.
Okawaru was noncommittal.
You were not hungry.

You visited 2 branches of the dungeon, and saw 8 of its levels.

You collected 306 gold pieces.

Inventory:

Hand Weapons
 d - a cursed +1 vorpal spear (weapon)
Armour
 c - a +0 helmet (worn)
 s - a +0 leather armour of fire resistance (worn)
 x - a +2 pair of gloves (worn)
Jewellery
 k - an uncursed ring of magical power
 t - a +6 ring of intelligence (left hand)
 y - an amulet of regeneration (around neck)
 A - an uncursed ring of protection from cold {unknown}
 D - a +4 ring of evasion (right hand)
Wands
 b - a wand of polymorph (11)
Scrolls
 e - 4 scrolls of immolation {unknown}
 g - 7 scrolls of identify {unknown}
 h - 15 scrolls of remove curse {unknown}
 j - 2 scrolls of random uselessness {unknown}
 m - 2 scrolls of blinking {unknown}
 p - 2 scrolls of fog {unknown}
 q - a scroll of enchant armour {unknown}
 r - 3 scrolls of teleportation {unknown}
 v - 2 scrolls of fear {unknown}
 z - a scroll of amnesia {unknown}
 B - 3 scrolls of enchant weapon {unknown}
 C - a scroll of magic mapping {unknown}
Potions
 i - a potion of stabbing {unknown}
 l - a potion of ambrosia {unknown}
 n - 3 potions of curing {unknown}
 o - 2 potions of mutation {unknown}
 u - 2 potions of haste {unknown}
 w - a potion of heal wounds {unknown}
 F - a potion of berserk rage {unknown}
 G - a potion of brilliance {unknown}
Comestibles
 f - 18 rations


   Skills:
 + Level 6.5(6.3) Fighting
 + Level 13.0(12.7) Polearms
 - Level 2.3(2.1) Throwing
 + Level 3.3(3.1) Armour
 + Level 7.5(7.2) Dodging
 - Level 2.4(2.1) Stealth


You had 6 spell levels left.
You knew the following spells:

 Your Spells              Type           Power        Failure   Level  Hunger
a - Swiftness             Chrm/Air       #.......     50%         2    ###....

Your spell library contained the following spells:

 Spells                   Type           Power        Failure   Level  Hunger
 Shock                    Conj/Air       #...         36%         1    ##.....
 Static Discharge         Conj/Air       #.......     73%         3    ####...
 Airstrike                Air            #.........   98%         4    #####..
 Lightning Bolt           Conj/Air       #.........   100%        5    ######.


Dungeon Overview and Level Annotations

Branches:
Dungeon (7/15)             Temple (1/1) D:7

Altars:
Ashenzari
Cheibriados
Dithmenos
Elyvilon
Fedhas
Gozag
Hepliaklqana
Kikubaaqudgha
Makhleb
Nemelex Xobeh
Okawaru
Qazlal
Ru
Sif Muna
Trog
Uskayaw
Vehumet
Wu Jian
Yredelemnul
Zin
The Shining One

Annotations:
D:7 Prince Ribbit


Message History

You kill the orc priest!
Okawaru accepts your kill.
Your base Polearms skill increases to level 13!
Items here: )) [ †† a +0 ring mail; a +0 falchion; a cursed -1 club; an orc corpse x2
Drop what? 33/52 slots (_ for help) (? for menu, Esc to quit)
Okay, then.
Throwing (i - inventory)
a - a throwing net (quivered)
Press: ? - help, Shift-Dir - straight line, f - Prince Ribbit
Aim: Prince Ribbit (moderately wounded)
You throw a throwing net.
The throwing net closely misses Prince Ribbit.
Prince Ribbit blinks!
All of the chunks of flesh in your inventory have rotted away.
You puncture Prince Ribbit!
Prince Ribbit is heavily wounded.
You hit Prince Ribbit.
Prince Ribbit is severely wounded.
Prince Ribbit hits you!
You die...

#..F.....# #.#.# . #.######.#
#.#.# .# ###.## ...##.###
#...)# #....... #..).#
#.##...#.### #....#
#..........# #....#
#####....###.#
#....###...........# ###
#....F@§..(#..#+####
..################.#.#......##
............÷......#.#.......##
..##################.#........#
..# #...'...<#.........#####
#.## #.#)#.####.##.##.#># #..#
#'###.## #.##.##.#.# ##.## #÷#
#..# #.##....#.#
.#..########..# #.#######.#


You could see Prince Ribbit.

Vanquished Creatures
  Sigmund (D:4)
  A spriggan (D:7)
  An orc warrior (D:7)
  A sky beast (D:5)
  An ice beast (D:5)
  An ogre (D:5)
  2 phantoms (D:4)
  A crocodile (D:7)
  2 centaurs
  A big kobold (D:4)
  5 bullfrogs
  A scorpion (D:7)
  A water moccasin skeleton (D:6)
  5 wights (D:7)
  A bullfrog zombie (D:6)
  4 crimson imps (D:6)
  4 hounds
  A jelly (D:5)
  An orc wizard (D:7)
  2 quasits (D:6)
  2 orc priests
  A bullfrog skeleton (D:7)
  A centaur skeleton (D:5)
  Terence (D:3)
  3 worker ants
  A hound zombie (D:6)
  2 hound skeletons
  4 gnolls (D:5)
  9 adders
  4 shadow imps
  An adder zombie (D:6)
  4 worms
  3 dart slugs
  2 leopard geckos
  12 orcs
  A ball python (D:2)
  8 bats
  5 giant cockroaches
  6 goblins
  5 hobgoblins
  6 jackals
  23 kobolds
  5 quokkas
  5 frilled lizards
  A jackal skeleton (D:4)
  2 leopard gecko skeletons
  A quokka skeleton (D:6)
  8 rats
163 creatures vanquished.

Vanquished Creatures (others)
  A plant (D:4)
1 creature vanquished.

Grand Total: 164 creatures vanquished

Notes
Turn   | Place    | Note
-------+----------+-------------------------------------------
     0 | D:1      | Jimbable the Merfolk Gladiator began the quest for the Orb.
     0 | D:1      | Reached XP level 1. HP: 16/16 MP: 1/1
   296 | D:1      | Reached XP level 2. HP: 21/22 MP: 2/2
   483 | D:1      | Reached skill level 5 in Polearms
  1116 | D:2      | Reached XP level 3. HP: 28/28 MP: 3/3
  1363 | D:2      | Found a faded altar of an unknown god.
  2029 | D:3      | Found a shattered altar of Ashenzari.
  2226 | D:3      | Reached XP level 4. HP: 32/34 MP: 4/4
  2408 | D:3      | Reached skill level 6 in Polearms
  2427 | D:3      | Noticed Terence
  2437 | D:3      | Killed Terence
  2437 | D:3      | Reached skill level 5 in Dodging
  2437 | D:3      | Reached XP level 5. HP: 34/40 MP: 5/5
  2503 | D:3      | Reached skill level 1 in Armour
  2503 | D:3      | Reached skill level 1 in Stealth
  3385 | D:4      | Reached XP level 6. HP: 44/47 MP: 6/6
  3407 | D:4      | Reached skill level 7 in Polearms
  3415 | D:4      | Noticed a phantom
  3992 | D:4      | Killed a phantom
  4196 | D:4      | Found a white marble altar of Elyvilon.
  4297 | D:4      | Noticed a phantom
  4340 | D:4      | Killed a phantom
  4340 | D:4      | Reached skill level 8 in Polearms
  4340 | D:4      | Reached XP level 7. HP: 26/53 MP: 7/7
  4895 | D:4      | Noticed Sigmund
  5281 | D:4      | Killed Sigmund
  5281 | D:4      | Reached skill level 9 in Polearms
  5468 | D:5      | Entered Level 5 of the Dungeon
  5794 | D:5      | Reached XP level 8. HP: 58/61 MP: 8/8
  6018 | D:5      | Reached skill level 10 in Polearms
  6564 | D:5      | Reached skill level 5 in Fighting
  6855 | D:6      | Reached skill level 11 in Polearms
  7003 | D:6      | Learned a level 2 spell: Swiftness
  7064 | D:6      | Reached XP level 9. HP: 48/68 MP: 9/9
  7348 | D:6      | Reached skill level 12 in Polearms
  7853 | D:7      | Noticed Prince Ribbit
  8342 | D:7      | Found a staircase to the Ecumenical Temple.
  8416 | Temple   | Entered the Ecumenical Temple
  8498 | Temple   | Became a worshipper of Warmaster Okawaru
  8650 | D:7      | Reached skill level 13 in Polearms
  8655 | D:7      | Slain by Prince Ribbit

Illustrated notes

Levels and vault maps discovered:
D:1:      nagdon_arrival_zigzag_paths, layout_loops_corners, minivault_24
D:2:      layout_loops_ring, chequers_ecumenical_altar_twisty,
          nrook_mini_backslash
D:3:      layout_basic, nicolae_ashenzari_panopticon, uniq_terence
D:4:      kennysheep_kobold_camp, layout_cave_pools, elyvilon_altar_5,
          uniq_sigmund
D:5:      layout_cave_pods, first_ration
D:6:      layout_loops_corners
D:7:      minmay_angry_zag, layout_basic, marbit_many_paths,
          minmay_temple_entry_slanted, the_bakery, uniq_prince_ribbit1
Temple:   compressed_dpeg_circular_temple

Skill      XL: |  1  2  3  4  5  6  7  8  9 |
---------------+----------------------------+-----
Polearms       | 5 6 8 9 11 13 | 13.0
Dodging        | 5 6 7 |  7.5
Fighting       | 3 4 5 6 |  6.5
Armour         | 1 2 3 |  3.3
Stealth        | 1 2 |  2.4
Throwing       | |  2.3

Action                   |  1- 3 |  4- 6 |  7- 9 || total
-------------------------+-------+-------+-------++-------
Melee: Trident           |   136 |   219 |   401 ||   756
       Spear             |       |       |   116 ||   116
Throw: Throwing net      |       |     2 |    10 ||    12
 Stab: Sleeping          |     3 |     4 |    12 ||    19
       Held in net/web   |       |       |     3 ||     3
       Distracted        |       |       |     1 ||     1
  Eat: Chunk             |     4 |     4 |    10 ||    18
       Ration            |       |     1 |     1 ||     2
Armor: Leather armour    |    23 |    33 |    56 ||   112
Dodge: Dodged            |    69 |   117 |   253 ||   439
